 Dungeon Crawl Stone Soup version 0.27-a0-1202-ge72e49191c (webtiles) character file.

Game seed: 7424169641485497323

7733 robertstho the Thaumaturge (level 11, -1/76 HPs)
             Began as a Djinni Fire Elementalist on June 1, 2021.
             Was an Initiate of Gozag.
             Slain by a centaur warrior (3 damage)
             ... on level 8 of the Dungeon on June 2, 2021.
             The game lasted 00:24:31 (11950 turns).

robertstho the Thaumaturge (DjFE)                  Turns: 11950, Time: 00:24:33

Health: -1/76      AC:  2    Str: 13    XL:     11   Next: 42%
Gold:   829        EV: 13    Int: 20    God:    Gozag SH:  0 Dex: 14

rFire    + + .     SeeInvis .   t - +1 trident (protect)
rCold    . . .     Faith    .   (no shield)
rNeg     . . .     Spirit   .   a - +0 robe
rPois    ∞         Reflect  .   (no helmet)
rElec    .         Harm     .   (no cloak)
rCorr    .         Rampage  .   (no gloves)
Will     +....                  (boots unavailable)
Stlth    ++........             h - amulet of regeneration
HPRegen  1.22/turn              r - ring of protection from cold
MPRegen  0.00/turn              w - +6 ring of strength

@: flying
A: sickness immunity, fire resistance 2, cold vulnerability 1, float, innate
caster, hp casting, extra vitality 1
a: Renounce Religion, Potion Petition, Call Merchant, Bribe Branch


You were on level 8 of the Dungeon.
You worshipped Gozag.
Gozag was pleased with you.
You visited 2 branches of the dungeon, and saw 9 of its levels.
You also visited: Bailey.

You collected 1163 gold pieces.
You spent 256 gold pieces at shops.
You paid 78 gold pieces to Gozag.

Inventory:

Hand Weapons
 f - a +4 short sword
 t - a +1 trident of protection (weapon)
 v - a +0 short sword of venom
 C - a +0 scythe of flaming
Armour
 a - a +0 robe (worn)
Jewellery
 h - an amulet of regeneration (around neck)
 r - a ring of protection from cold (left hand)
 u - the ring of Sovereignty {rPois Will+}
   (You found it on level 6 of the Dungeon)

   [ring of poison resistance]

   It protects you from poison.
   It increases your willpower.
 w - a +6 ring of strength (right hand)
 x - a ring of resist corrosion
 A - a ring of see invisible
Scrolls
 b - 3 scrolls of teleportation
 c - a scroll of brand weapon {unknown}
 d - a scroll of noise {unknown}
 i - 2 scrolls of immolation {unknown}
 p - a scroll of fog
 q - a scroll of blinking
 y - 5 scrolls of enchant armour {unknown}
 z - a scroll of acquirement {unknown}
 B - a scroll of magic mapping {unknown}
Potions
 e - a potion of resistance
 g - 4 potions of degeneration
 j - a potion of lignification
 k - a potion of mutation
 l - a potion of curing
 m - 2 potions of attraction
 n - a potion of haste
 o - a potion of ambrosia
 s - a potion of flight {unknown}
 D - a potion of might {unknown}


   Skills:
 * Level 5.5 Fighting
 + Level 0.2 Short Blades
 + Level 0.9 Polearms
 + Level 4.2 Dodging
 + Level 3.4 Stealth
 * Level 11.8 Spellcasting


You had 4 spell levels left.
You knew the following spells:

 Your Spells              Type           Power      Damage    Failure   Level
a - Foxfire               Conj/Fire      100%       2x1d9     1%          1
b - Conjure Flame         Conj/Fire      56%        6-21      1%          3
c - Inner Flame           Hex/Fire       56%        N/A       1%          3
d - Sticky Flame          Conj/Fire      56%        2d7       1%          4
e - Fireball              Conj/Fire      28%        3d12      1%          5
f - Sandblast             Erth           100%       2d20      1%          1
g - Ensorcelled Hibernat  Hex/Ice        100%       N/A       1%          2
h - Poisonous Vapours     Pois/Air       100%       N/A       1%          2
i - Petrify               Tmut/Erth      56%        N/A       1%          4
j - Airstrike             Air            28%        N/A       1%          4
Your spell library was empty.

Dungeon Overview and Level Annotations

Branches:
Dungeon (8/15)             Temple (1/1) D:6          Bailey (visited)
   Lair: D:8-11

Altars:
Ashenzari
Cheibriados
Gozag
Hepliaklqana
Kikubaaqudgha
Okawaru
Sif Muna
Uskayaw
Wu Jian
Zin
The Shining One

Shops:
D:3 *!(=*   D:4 [

Annotations:
D:6 1 runed translucent door


Innate Abilities, Weirdness & Mutations

You are immune to sickness and miasma.
You are immune to poison.
Your flesh is very heat resistant. (rF++)
You are vulnerable to cold. (rC-)
You float through the air rather than walking.
You learn spells naturally, not from books.
Your magical power is your life essence.
You have superior vitality. (+4 HP)


Message History

Aim: a centaur warrior, wielding a +0 shortbow and quivering arrows (100% to hit)
The sticky flame hits the centaur warrior but does no damage.
The centaur warrior is covered in liquid flames!
The centaur warrior burns!
The centaur warrior unwields a +0 shortbow.
The centaur warrior hits you. The centaur warrior kicks you.
Casting: Sticky Flame (safe; 1% risk of failure)
Confirm with . or Enter, or press ? or * to list all spells.
Aiming: Poisonous Vapours (safe; 1% risk of failure)
Press: ? - help, Dir - move target, f/p - centaur warrior
Aim: a centaur warrior, quivering arrows (lightly wounded, covered in liquid flames) Poisonous vapours surround the centaur warrior!
The centaur warrior burns!
The centaur warrior is engulfed in poison gas.
The centaur warrior is poisoned.
The centaur warrior closely misses you. The centaur warrior kicks you.
The centaur warrior is engulfed in poison gas.
The centaur warrior looks even sicker.
The centaur warrior hits you!
* * * LOW HITPOINT WARNING * * *
The centaur warrior kicks you.
* * * LOW HITPOINT WARNING * * *
You feel better.
The centaur warrior burns!
The centaur warrior looks even sicker.
The centaur warrior hits you!
* * * LOW HITPOINT WARNING * * *
The centaur warrior closely misses you.
Casting: Poisonous Vapours (safe; 1% risk of failure)
Confirm with . or Enter, or press ? or * to list all spells.
Aiming: Petrify (safe; 1% risk of failure)
Press: ? - help, Shift-Dir - straight line, f/p - centaur warrior
Aim: a centaur warrior, quivering arrows (poison gas, heavily wounded, covered in liquid flames, very poisoned, chance to affect: 59%)
The centaur warrior resists with significant effort.
* * * LOW HITPOINT WARNING * * *
The centaur warrior burns!
The centaur warrior stops burning.
The centaur warrior is engulfed in poison gas.
The centaur warrior looks as sick as possible!
The centaur warrior hits you!
* * * LOW HITPOINT WARNING * * *
The centaur warrior kicks you.
You die...
Your body crumbles into a pile of gold.

#......#....#
#....#[#....#
#...<..#....#
#....#......### ##
#....#.#......# ..#
#......#.##...# ...#
#...####.##...##...###
#..>.............$....
#########...@...$$..##
#..###c###$..#
#..##.$## $.# ...##$.#
... #..##..# ##
#..#..# #c# ... $ .#


You could see a centaur warrior (extremely poisoned).

Vanquished Creatures
  A hydra (D:6)
  2 centaur zombies
  Joseph (D:8)
  2 redbacks (D:6)
  2 wyverns
  A steam dragon (D:7)
  4 water moccasins
  10 orc warriors (Bailey)
  3 black bears
  An ice beast (D:4)
  10 centaurs
  3 ogres
  A phantom (D:4)
  A kobold brigand (D:6)
  2 bullfrogs (D:7)
  2 wyvern zombies
  9 scorpions
  2 water moccasin skeletons
  13 killer bees
  3 wights (D:7)
  2 howler monkeys
  4 centaur skeletons
  2 jellies
  A gnoll shaman (D:4)
  2 hounds
  3 bullfrog skeletons
  7 orc priests
  5 iguanas
  6 orc wizards
  A howler monkey zombie (D:3)
  5 adders
  2 shadow imps (D:6)
  2 ufetubi
  An adder skeleton (D:5)
  A worm (D:3)
  A dart slug (D:1)
  44 orcs
  5 bats
  9 endoplasms
  6 giant cockroaches
  12 goblins
  15 hobgoblins
  10 jackals
  29 kobolds
  2 quokkas
  4 ball pythons
  2 frilled lizards
  3 rats
259 creatures vanquished.

Vanquished Creatures (others)
  A human (D:6)
  A kobold (D:6)
  614 foxfires
  63 plants (D:6)
679 creatures vanquished.

Grand Total: 938 creatures vanquished

Notes
Turn   | Place    | Note
-------+----------+-------------------------------------------
     0 | D:1      | robertstho the Djinni Fire Elementalist began the quest for
                  | the Orb.
     0 | D:1      | Reached XP level 1. HP: 15/15 MP: 0/0
   233 | D:1      | Reached XP level 2. HP: 17/21 MP: 0/0
   417 | D:1      | Reached skill level 3 in Spellcasting
   697 | D:1      | Reached XP level 3. HP: 16/25 MP: 0/0
   697 | D:1      | Learned a level 1 spell: Sandblast
  1208 | D:1      | Found a faded altar of an unknown god.
  2476 | D:2      | Reached XP level 4. HP: 30/31 MP: 0/0
  2906 | D:3      | Found Teboe's Antique Weapon Shop.
  3013 | D:3      | Reached skill level 1 in Fighting
  3120 | D:3      | Found Geetenn's Distillery.
  3143 | D:3      | Bought a potion of curing for 30 gold pieces
  3143 | D:3      | Bought a potion of degeneration for 10 gold pieces
  3143 | D:3      | Bought a potion of attraction for 30 gold pieces
  3229 | D:3      | Found Peudytsexur's Assorted Antiques.
  3325 | D:3      | Bought a scroll labelled TIXULOY EGGEMY for 18 gold pieces
  3552 | D:3      | Reached skill level 4 in Spellcasting
  3552 | D:3      | Reached XP level 5. HP: 31/37 MP: 0/0
  3552 | D:3      | Learned a level 2 spell: Ensorcelled Hibernation
  3759 | D:3      | Found Weyxoule's Jewellery Shoppe.
  3802 | D:3      | Found Upecir's General Store.
  3826 | D:3      | Noticed a black bear
  3834 | D:3      | Killed a black bear
  3835 | D:3      | Reached XP level 6. HP: 35/42 MP: 0/0
  4160 | D:4      | Noticed an ogre
  4202 | D:4      | Killed an ogre
  4203 | D:4      | Reached skill level 5 in Spellcasting
  4203 | D:4      | Reached XP level 7. HP: 24/49 MP: 0/0
  4203 | D:4      | Learned a level 2 spell: Poisonous Vapours
  4789 | D:4      | Found Sib Rore's Antique Armour Boutique.
  4985 | D:4      | Found a snail-covered altar of Cheibriados.
  5127 | D:4      | Reached skill level 6 in Spellcasting
  5127 | D:4      | Reached XP level 8. HP: 52/55 MP: 0/0
  5340 | D:4      | Upgraded the game from 0.27-a0-1200-g94dc6ad4cf to
                  | 0.27-a0-1202-ge72e49191c
  5641 | D:5      | Entered Level 5 of the Dungeon
  6224 | D:5      | Reached skill level 7 in Spellcasting
  6713 | D:5      | Noticed a wyvern
  6720 | D:5      | Killed a wyvern
  6721 | D:5      | Reached XP level 9. HP: 55/61 MP: 0/0
  6721 | D:5      | Learned a level 4 spell: Petrify
  6957 | D:5      | Found a glowing silver altar of Zin.
  6957 | D:5      | Noticed an angel
  7027 | D:5      | Reached skill level 8 in Spellcasting
  8228 | D:6      | Identified the ring of Sovereignty {rPois Will+}
  8718 | D:6      | Found a staircase to the Ecumenical Temple.
  8745 | D:6      | Found the +9 staff of Olgreb {rPois∞}
  8768 | Temple   | Entered the Ecumenical Temple
  8786 | Temple   | Became a worshipper of Gozag Ym Sagoz the Greedy
  9375 | D:6      | Reached skill level 9 in Spellcasting
  9450 | D:6      | Noticed a five-headed hydra
  9478 | D:6      | Killed a five-headed hydra
  9479 | D:6      | Reached XP level 10. HP: 18/69 MP: 0/0
  9788 | D:6      | Found a runed translucent gate.
  9788 | D:6      | Found a runed translucent gate.
  9792 | D:6      | Found a runed translucent gate.
  9793 | D:6      | Found a runed translucent door.
  9793 | D:6      | Found a runed translucent door.
  9818 | D:6      | Reached skill level 10 in Spellcasting
 10368 | D:6      | Reached skill level 5 in Fighting
 10635 | D:4      | Bought a runed scarf for 168 gold pieces
 10919 | D:7      | Found an ornate altar of the Wu Jian Council.
 10999 | D:7      | Found a flagged portal.
 11010 | Bailey   | Entered a bailey
 11183 | Bailey   | Reached XP level 11. HP: 57/75 MP: 0/0
 11183 | Bailey   | Learned a level 4 spell: Airstrike
 11220 | Bailey   | Reached skill level 11 in Spellcasting
 11871 | D:8      | Noticed Joseph
 11874 | D:8      | Killed Joseph
 11940 | D:8      | Noticed a centaur warrior
 11950 | D:8      | HP: 2/76 [centaur warrior (11)]
 11950 | D:8      | Slain by a centaur warrior

Illustrated notes

Levels and vault maps discovered:
D:1:      sevenhm_arrival_forest_fort_small_4, layout_loops_ring,
          chequers_ecumenical_altar_island
D:2:      layout_loops_cross, minivault_25, hangedman_decor_push
D:3:      layout_basic, serial_shops, shop, shop, shop, shop, shop
D:4:      minmay_diamond_boxcup, layout_rooms, lemuel_tele_altar, serial_shops,
          shop, hangedman_decor_diamond_cutter
D:5:      layout_basic, zin_angel, serial_corexii_hall,
          corexii_hall_statues_deadend, chequers_hall_statues_corner_a
D:6:      kennysheep_kobold_camp, layout_rooms, tgw_kikubaaqudgha,
          minmay_temple_entry_junction, fountainhead,
          minmay_guarded_unrand_staff_of_olgreb
D:7:      layout_gridville, lemuel_round_altar, enter_bailey_4,
          grunt_ministairs_15
D:8:      minmay_the_grid_octo_tiled_octocenter
          [minmay_the_grid_octo_fan_narrow, minmay_the_grid_octo_horde,
          minmay_the_grid_octo_77, minmay_the_grid_octo_toaster,
          minmay_the_grid_octo_prize_big_c, minmay_the_grid_square_5x5_dogpile,
          minmay_the_grid_square_5x5_pentomino_r,
          minmay_the_grid_square_5x5_hourglass,
          minmay_the_grid_square_5x5_bracketed], layout_basic,
          jmf_multi_god_temple2, serial_shops, kennysheep_little_box,
          uniq_joseph
Temple:   dshaligram_water_room_temple

Skill      XL: |  1  2  3  4  5  6  7  8  9 10 11 |
---------------+----------------------------------+-----
Spellcasting   | 3 4 5 6 7 9 10 11 | 11.8
Fighting       | 1 2 3 4 5 |  5.5
Stealth        | 2 3 |  3.4
Dodging        | 3 4 |  4.2
Short Blades   | |  0.2
Polearms       | |  0.9

Action                   |  1- 3 |  4- 6 |  7- 9 | 10-12 || total
-------------------------+-------+-------+-------+-------++-------
Melee: Short sword       |       |     3 |     7 |       ||    10
       Trident           |       |       |     4 |     8 ||    12
 Cast: Foxfire           |    93 |   105 |   161 |    13 ||   372
       Sticky Flame      |       |     2 |    15 |    18 ||    35
       Conjure Flame     |       |     2 |     2 |     2 ||     6
       Fireball          |       |       |    45 |    94 ||   139
       Petrify           |       |       |       |     1 ||     1
       Poisonous Vapours |       |       |       |     1 ||     1
  Use: Scroll            |       |     5 |     2 |     1 ||     8
       Potion            |       |       |       |     2 ||     2
 Stab: Sleeping          |       |     1 |       |       ||     1
Armor: Robe              |     1 |     3 |    20 |     4 ||    28
Dodge: Dodged            |    11 |    11 |    36 |    40 ||    98

Table legend: (Time is in decaauts)
 A = Elapsed time spent in this place.
 B = Non-inter-level travel time spent in this place.
 C = Inter-level travel time spent in this place.
 D = Time resting spent in this place.
 E = Time spent auto-exploring this place.
 F = Levels seen in this place.
 G = Mean time per level.
                   A        B        C        D        E       F      G
               +--------+--------+--------+--------+--------+-----+--------+
         Total |  11954 |  11663 |    291 |   1471 |   8461 |  10 | 1195.4 |
       Dungeon |  11299 |  11025 |    274 |   1418 |   8172 |   8 | 1412.4 |
        Temple |     34 |     18 |     16 |      0 |     10 |   1 |   34.0 |
        Bailey |    620 |    620 |      0 |     53 |    279 |   1 |  620.0 |
               +--------+--------+--------+--------+--------+-----+--------+

Top non-repeatable levels by time:
     D:5: 2574 daAuts
     D:6: 2410 daAuts
     D:1: 1824 daAuts
     D:4: 1692 daAuts
     D:3: 1178 daAuts
     D:2: 972 daAuts
  Bailey: 620 daAuts
     D:7: 566 daAuts
     D:8: 80 daAuts
  Temple: 34 daAuts
